 Dungeon Crawl Stone Soup version 0.32-a0-306-gfed3edf829 (webtiles) character file.

Game seed: 75570001198352714

6388 pokeman the Thaumaturge (level 10, 0/56 HPs)
             Began as a Deep Elf Hedge Wizard on Feb 15, 2024.
             Was an Initiate of Vehumet.
             Slain by a brown ugly thing (5 damage)
             ... on level 8 of the Dungeon.
             The game lasted 00:23:19 (9738 turns).

pokeman the Thaumaturge (Deep Elf Hedge Wizard)     Turns: 9738, Time: 00:23:20

Health: 0/56       AC:  1    Str:  7    XL:     10   Next: 66%
Magic:  27/30      EV: 13    Int: 24    God:    Vehumet [......]
Gold:   358        SH:  0    Dex: 14    Spells: 25/37 levels left

rFire   . . .        H - +1 morningstar (drain)
rCold   + . .        (no shield)
rNeg    . . .        I - +0 steam dragon scales
rPois   .            c - +0 hat
rElec   .            g - +1 cloak
rCorr   .            r - +0 pair of gloves
SInv    .            (no boots)
Will    +....        t - amulet of reflection
Stlth   +            j - ring of protection from cold
HPRegen 0.29/turn    l - ring of wizardry
MPRegen 0.22/turn

%: reflection, wizardry (x1)
@: confused, corroded
A: no striking features
a: Renounce Religion


You were on level 8 of the Dungeon.
You worshipped Vehumet.
Vehumet was noncommittal.
You visited 2 branches of the dungeon, and saw 9 of its levels.

You collected 358 gold pieces.

Inventory:

Hand Weapons
 H - a +1 morningstar of draining (weapon)
Armour
 c - a +0 hat (worn)
 g - a +1 cloak (worn)
 r - a +0 pair of gloves (worn)
 z - the +1 robe of the Archfiend {rN+++ MP+9 Str-5 Stlth+}
   (You took it off an orc on level 8 of the Dungeon)

   Str-5:     It affects your strength (-5).
   rN+++:     It renders you almost immune to negative energy.
   MP+9:      It affects your magic capacity (+9).
   Stlth+:    It makes you more stealthy.
 I - +0 steam dragon scales (worn)
 J - a scarf of harm
 L - the +1 ring mail of the Cherry {rElec rF+ Stlth+}
   (You found it on level 8 of the Dungeon)

   rF+:       It protects you from fire.
   rElec:     It insulates you from electricity.
   Stlth+:    It makes you more stealthy.
Jewellery
 j - a ring of protection from cold (left hand)
 l - a ring of wizardry (right hand)
 t - an amulet of reflection (around neck)
 A - a +6 ring of strength
 F - a ring of ice
Wands
 C - a wand of digging (1)
 G - a wand of mindburst (23)
Scrolls
 a - a scroll of revelation {unknown}
 b - a scroll of silence {unknown}
 h - 5 scrolls of teleportation {unknown}
 i - 3 scrolls of identify {unknown}
 m - 2 scrolls of blinking {unknown}
 s - 2 scrolls of noise {unknown}
 v - a scroll of amnesia {unknown}
 w - a scroll of brand weapon {unknown}
 x - a scroll of enchant armour {unknown}
 y - a scroll of fear {unknown}
 B - a scroll of vulnerability {unknown}
 D - a scroll of acquirement {unknown}
Potions
 d - 2 potions of magic
 e - 2 potions of brilliance {unknown}
 f - a potion of lignification {unknown}
 k - 2 potions of attraction {unknown}
 n - a potion of heal wounds {unknown}
 o - 3 potions of enlightenment {unknown}
 p - 2 potions of curing {unknown}
 q - 3 potions of berserk rage {unknown}
 u - 2 potions of ambrosia {unknown}
 E - 2 potions of might {unknown}
Miscellaneous
 K - a lightning rod (4/4)


   Skills:
 - Level 4.0 Fighting
 + Level 3.7 Armour
 - Level 3.0 Dodging
 - Level 4.0 Stealth
 * Level 14.0 Spellcasting
 + Level 8.1 Conjurations
 - Level 1.1 Summonings
 - Level 1.1 Translocations
 + Level 5.9 Air Magic
 - Level 2.0 Alchemy
 - Level 3.0 Evocations


You had 25 spell levels left.
You knew the following spells:

 Your Spells              Type           Power      Damage    Failure   Level
a - Magic Dart            Conj           100%       1d8       1%          1
b - Mephitic Cloud        Conj/Alch/Air  42%        N/A       1%          3
c - Call Imp              Summ           44%        N/A       1%          2
d - Blink                 Tloc           44%        N/A       1%          2
e - Airstrike             Air            22%        2d(4-20)  1%          4

Your spell library contained the following spells:

 Spells                   Type           Power      Damage    Failure   Level
 Freeze                   Ice            64%        1d7       1%          1
 Shock                    Conj/Air       100%       1d9       1%          1
 Slow                     Hex            64%        N/A       1%          1
 Cigotuvi's Dreadful Rot  Necr/Alch/Air  58%        N/A       1%          2
 Hailstorm                Conj/Ice       36%        3d9       1%          3
 Swiftness                Air            45%        N/A       1%          3
 Frozen Ramparts          Ice            32%        1d5       4%          3


Dungeon Overview and Level Annotations

Branches:
Dungeon (8/15)             Temple (1/1) D:7            Lair (0/5) D:8

Altars:
Cheibriados
Dithmenos
Elyvilon
Fedhas
Gozag
Kikubaaqudgha
Makhleb
Nemelex Xobeh
Okawaru
Qazlal
Ru
Sif Muna
Trog
Uskayaw
Vehumet
Wu Jian
Xom
Yredelemnul
Zin
The Shining One

Annotations:
D:5 2 transporters, oldriver's ghost, novice DsCj


Message History

You bump into the rock wall.
You are engulfed in noxious fumes.
The brown ugly thing is engulfed in noxious fumes.
The brown ugly thing appears confused.
The brown ugly thing tail-slaps you.
* * * LOW HITPOINT WARNING * * *
You are splashed with acid.
* * * LOW HITPOINT WARNING * * *
The gnoll is engulfed in noxious fumes.
The gnoll appears confused.
The gnoll barely misses the brown ugly thing.
The boulder beetle is engulfed in noxious fumes.
The boulder beetle appears confused.
The boulder beetle bites the brown ugly thing!
The boulder beetle bites itself but does no damage.
Unknown command.
You bump into the rock wall.
You are engulfed in noxious fumes.
The brown ugly thing is engulfed in noxious fumes.
The brown ugly thing appears confused.
The brown ugly thing tail-slaps the boulder beetle!
The boulder beetle is splashed with acid!
The acid corrodes the boulder beetle!
The gnoll is engulfed in noxious fumes.
The gnoll appears confused.
The gnoll hits the brown ugly thing with a +0 whip.
Unknown command.
The brown ugly thing is engulfed in noxious fumes.
Something hits the brown ugly thing but does no damage.
The boulder beetle is engulfed in noxious fumes.
The boulder beetle appears confused.
The boulder beetle seems to be having trouble coordinating all six of its legs.
Unknown command.
You're too confused to move!
The brown ugly thing is engulfed in noxious fumes.
The brown ugly thing appears confused.
The brown ugly thing tail-slaps the boulder beetle!
The boulder beetle is splashed with acid.
A gnoll comes into view. It is wielding a +0 whip.
The boulder beetle is engulfed in noxious fumes.
The boulder beetle appears confused.
You're too confused to move!
The brown ugly thing is engulfed in noxious fumes.
The brown ugly thing appears confused.
The brown ugly thing tail-slaps you.
You die...

#.....#.###.
###
#####...#.####
####..#.##.. .#
##.##.# #
##....#.### .#
####.# #
###.##.#.## .#
#.# #
#...#..#.## .#
#.# #
#..##.###.# .#
#.# #
#..##..#.####g#
#.#
#..##.###.#uBg#
#.#
#...#..#.#@#.##
#.###.########
#.##..#
#.##.####.#
#.........#
#########>#


You could see a boulder beetle (confused, corroded, drained), a brown ugly thing
(confused) and 2 gnolls.

Vanquished Creatures
  A two-headed ogre (D:8)
  Pikel (D:8)
  Maggie (D:7)
  Jeremiah (D:7)
  Psyche (D:8)
  Prince Ribbit (D:7)
  2 raiju (D:7)
  Sigmund (D:3)
  3 yaks (D:7)
  A water moccasin (D:6)
  2 orc warriors (D:8)
  2 sky beasts (D:7)
  A black bear (D:6)
  2 ogres (D:5)
  2 wolves (D:8)
  6 centaurs
  4 lemures (D:8)
  2 phantoms
  A kobold brigand (D:8)
  2 bullfrogs
  A gnoll sergeant (D:8)
  3 scorpions
  4 wights (D:8)
  4 electric eels (D:7)
  2 hounds
  3 jellies
  2 bombardier beetles (D:5)
  10 orc priests
  3 iguanas
  A sleepcap (D:7)
  4 orc wizards
  6 gnolls (D:8)
  6 adders
  A white imp (D:5)
  3 dart slugs
  2 ribbon worms
  24 orcs
  6 endoplasms
  4 giant cockroaches
  9 goblins
  8 hobgoblins
  6 jackals (D:2)
  3 quokkas
  7 ball pythons
  5 bats
  3 frilled lizards
  8 kobolds
  2 rats
177 creatures vanquished.

Vanquished Creatures (collateral kills)
  A ribbon worm (D:4)
  A ball python (D:3)
2 creatures vanquished.

Grand Total: 179 creatures vanquished

Notes
Turn   | Place    | Note
-------+----------+-------------------------------------------
     0 | D:1      | pokeman the Deep Elf Hedge Wizard began the quest for the
                  | Orb.
     0 | D:1      | Reached XP level 1. HP: 10/10 MP: 7/7
   108 | D:1      | Reached XP level 2. HP: 16/16 MP: 3/9
   453 | D:1      | Reached skill level 5 in Spellcasting
   560 | D:1      | Reached XP level 3. HP: 20/20 MP: 6/11
   564 | D:1      | Learned a level 3 spell: Mephitic Cloud
   567 | D:1      | Learned a level 2 spell: Call Imp
   570 | D:1      | Learned a level 2 spell: Blink
   993 | D:2      | Reached skill level 1 in Fighting
  1011 | D:2      | Reached skill level 1 in Armour
  1066 | D:2      | Found a faded altar of an unknown god.
  1399 | D:2      | Reached XP level 4. HP: 25/25 MP: 10/13
  2585 | D:3      | Reached skill level 6 in Spellcasting
  2662 | D:3      | Reached XP level 5. HP: 28/29 MP: 8/15
  3040 | D:3      | Noticed Sigmund
  3455 | D:3      | Killed Sigmund
  3456 | D:3      | Reached skill level 1 in Air Magic
  3456 | D:3      | Reached skill level 1 in Alchemy
  3456 | D:3      | Reached XP level 6. HP: 12/34 MP: 6/17
  3729 | D:4      | Reached skill level 7 in Spellcasting
  4032 | D:4      | Reached XP level 7. HP: 38/38 MP: 16/19
  4140 | D:4      | Found a blossoming altar of Fedhas.
  4369 | D:5      | Entered Level 5 of the Dungeon
  4506 | D:5      | Reached skill level 8 in Spellcasting
  5105 | D:5      | Reached skill level 9 in Spellcasting
  5105 | D:5      | Reached XP level 8. HP: 44/44 MP: 9/23
  5483 | D:5      | Noticed oldriver's ghost (novice DsCj)
  5489 | D:5      | Found a transporter.
  5498 | D:5      | Found a transporter.
  5510 | D:5      | Found a burning altar of Makhleb.
  5510 | D:5      | Noticed a green death
  5583 | D:5      | Found a snail-covered altar of Cheibriados.
  5595 | D:5      | Found a shimmering blue altar of Sif Muna.
  5921 | D:5      | Reached skill level 5 in Conjurations
  6066 | D:6      | Reached skill level 10 in Spellcasting
  6811 | D:6      | Found a shimmering altar of Xom.
  7257 | D:2      | Learned a level 4 spell: Airstrike
  7357 | D:7      | Noticed Prince Ribbit
  7361 | D:7      | Killed Prince Ribbit
  7362 | D:7      | Reached skill level 11 in Spellcasting
  7449 | D:7      | Noticed Maggie
  7457 | D:7      | Killed Maggie
  7458 | D:7      | Reached skill level 1 in Evocations
  7458 | D:7      | Reached XP level 9. HP: 27/49 MP: 3/26
  7775 | D:7      | Noticed Jeremiah
  7798 | D:7      | Killed Jeremiah
  7802 | D:7      | Reached skill level 12 in Spellcasting
  8219 | D:7      | Found a staircase to the Ecumenical Temple.
  8241 | Temple   | Entered the Ecumenical Temple
  8518 | D:7      | Reached XP level 10. HP: 56/56 MP: 21/28
  8776 | D:8      | Noticed a two-headed ogre
  8786 | D:8      | Killed a two-headed ogre
  8787 | D:8      | Reached skill level 13 in Spellcasting
  8787 | D:8      | Reached skill level 5 in Air Magic
  8840 | D:8      | Identified the +1 robe of the Archfiend {rN+++ MP+9 Str-5
                  | Stlth+}
  9001 | D:8      | Found a staircase to the Lair.
  9170 | D:8      | Found a radiant altar of Vehumet.
  9178 | D:8      | Became a worshipper of Vehumet
  9401 | D:8      | Identified the +1 ring mail of the Cherry {rElec rF+
                  | Stlth+}
  9423 | D:8      | Noticed Psyche
  9432 | D:8      | Killed Psyche
  9524 | D:8      | Noticed Pikel
  9549 | D:8      | Killed Pikel
  9550 | D:8      | Reached skill level 14 in Spellcasting
  9709 | D:8      | Noticed a boulder beetle
  9725 | D:8      | Noticed a brown ugly thing
  9738 | D:8      | Slain by a brown ugly thing

Illustrated notes

Levels and vault maps discovered:
D:1:      noname_arrival_rooms_in_the_neighbourhood, layout_rooms
D:2:      layout_loops_cross, ebering_ecumenical_altar_box, minmay_surrounded
D:3:      layout_basic, st_stairs_13, uniq_sigmund
D:4:      layout_rooms, mainiacjoe_overflow_six_doors_small,
          chequers_serial_rivers_marsh
D:5:      layout_loops_corners, makhleb_altar_promises_db,
          mainiacjoe_overflow_big_doors, gammafunk_ghost_stat_death,
          kb_lookout_dungeons_type
D:6:      layout_loops_ring, regret_index_xom_buried_treasure
D:7:      layout_rooms, minmay_temple_entry_glassed_door, st_stairs_14,
          minmay_holes, kennysheep_pointless_box,
          chequers_serial_rivers_micro_c, nicolae_have_a_lightning_rod,
          uniq_maggie, uniq_jeremiah, uniq_prince_ribbit1
D:8:      layout_loops_corners, mainiacjoe_overflow_paths,
          nzn_hepliaklqana_mist_gate, erik_lair_orcish_takeover,
          minmay_small_thing, uniq_psyche, uniq_maurice, uniq_pikel
Temple:   jpeg_temple_clearing

Skill      XL: |  1  2  3  4  5  6  7  8  9 10 |
---------------+-------------------------------+-----
Spellcasting   | 5 6 7 9 11 12 14 | 14.0
Fighting       | 1 2 3 4 |  4.0
Armour         | 1 3 |  3.7
Conjurations   | 2 3 4 6 7 8 |  8.1
Stealth        | 3 4 |  4.0
Dodging        | 3 |  3.0
Air Magic      | 1 2 4 5 |  5.9
Alchemy        | 1 2 |  2.0
Evocations     | 1 3 |  3.0
Summonings     | |  1.1
Translocations | |  1.1

Action                     |  1- 3 |  4- 6 |  7- 9 | 10-12 || total
---------------------------+-------+-------+-------+-------++-------
  Melee: Dagger            |       |    51 |    63 |       ||   114
         Morningstar       |       |       |    34 |    59 ||    93
   Cast: Magic Dart        |    77 |   137 |   149 |     3 ||   366
         Mephitic Cloud    |       |    10 |    29 |    18 ||    57
         Call Imp          |       |     7 |     2 |       ||     9
         Blink             |       |     1 |     9 |       ||    10
         Airstrike         |       |       |    27 |    25 ||    52
  Evoke: Wand              |       |       |     1 |       ||     1
   Stab: Confused          |       |     3 |     9 |     5 ||    17
 Armour: Robe              |     7 |    47 |    39 |       ||    93
         Steam dragon scal |       |       |    21 |    26 ||    47
  Dodge: Dodged            |    12 |    29 |    70 |    34 ||   145
  Block: Other             |       |     1 |    21 |    12 ||    34
         Reflection        |       |       |     1 |     2 ||     3

Table legend: (Time is in decaauts)
 A = Elapsed time spent in this place.
 B = Non-inter-level travel time spent in this place.
 C = Inter-level travel time spent in this place.
 D = Time resting spent in this place.
 E = Time spent auto-exploring this place.
 F = Levels seen in this place.
 G = Mean time per level.
                   A        B        C        D        E       F      G
               +--------+--------+--------+--------+--------+-----+--------+
         Total |   9790 |   9357 |    433 |    438 |   7252 |   9 | 1087.8 |
       Dungeon |   9788 |   9355 |    433 |    438 |   7252 |   8 | 1223.5 |
        Temple |      1 |      1 |      0 |      0 |      0 |   1 |    1.0 |
               +--------+--------+--------+--------+--------+-----+--------+

Top non-repeatable levels by time:
     D:5: 1768 daAuts
     D:3: 1568 daAuts
     D:7: 1409 daAuts
     D:2: 1324 daAuts
     D:6: 1074 daAuts
     D:8: 1036 daAuts
     D:1: 854 daAuts
     D:4: 754 daAuts
  Temple: 1 daAuts
